 Dungeon Crawl Stone Soup version 0.23.2-1-ga50397a6bc (webtiles) character file.

Game seed: 8380802888818617421

7412 OdinFK the Markscentaur (level 10, -5/86 HPs)
             Began as a Centaur Hunter on Apr 24, 2019.
             Was an Elder of Okawaru.
             Killed from afar by a deep elf mage (30 damage)
             ... with a shard of ice
             ... on level 10 of the Dungeon.
             The game lasted 00:52:17 (11715 turns).

OdinFK the Markscentaur (Centaur Hunter)           Turns: 11715, Time: 00:52:18

Health: -5/86      AC:  8    Str: 19    XL:     10   Next: 92%
Magic:  12/12      EV:  9    Int:  8    God:    Okawaru [****..]
Gold:   491        SH:  0    Dex: 12    Spells: 9/9 levels left

rFire    . . .     SeeInvis .   b - +1 dagger (venom)
rCold    . . .     Gourm    .   (no shield)
rNeg     . . .     Faith    .   z - +0 leather armour of Knowledge {rPois rCorr} (curse)
rPois    +         Spirit   .   (no helmet)
rElec    .         Reflect  .   p - scarf {repulsion}
rCorr    +         Harm     .   E - +2 pair of gloves
MR       .....                  (no barding)
Stlth    +.........             y - amulet of the acrobat
HPRegen  0.24/turn              j - -2 ring of intelligence (curse)
MPRegen  0.13/turn              D - +3 ring of dexterity

@: studying Short Blades, repel missiles, very quick
A: large, hooves 3, deformed body, speed 2, tough skin 3
a: Heroism, Renounce Religion


You were on level 10 of the Dungeon.
You worshipped Okawaru.
Okawaru was greatly pleased with you.
You were not hungry.

You visited 2 branches of the dungeon, and saw 11 of its levels.

You collected 491 gold pieces.

Inventory:

Hand Weapons
 a - a +1 shortbow
 b - a +1 dagger of venom (weapon)
Missiles
 d - 64 arrows
Armour
 p - a scarf of repulsion (worn)
 s - a +1 chain mail of magic resistance
 z - the cursed +0 leather armour of Knowledge (worn) {rPois rCorr}
   (You found it on level 5 of the Dungeon)

   It protects you from poison.
   It provides partial protection from all sources of acid and corrosion.
   It has a curse placed upon it.
 C - a +0 cloak
 E - a +2 pair of gloves (worn)
Jewellery
 j - a cursed -2 ring of intelligence (left hand)
 w - a +4 ring of intelligence
 y - an amulet of the acrobat (around neck)
 D - a +3 ring of dexterity (right hand)
Wands
 A - a wand of random effects (16)
 G - a wand of iceblast (14)
 J - a wand of acid (6)
Scrolls
 e - 2 scrolls of teleportation {unknown}
 g - 5 scrolls of identify
 l - 2 scrolls of fear
 n - a scroll of enchant armour {unknown}
 q - 2 scrolls of remove curse
 t - a scroll of enchant weapon {unknown}
 u - 3 scrolls of amnesia
 B - 2 scrolls of immolation
Potions
 c - a potion of flight
 h - 2 potions of might
 i - a potion of brilliance {unknown}
 k - a potion of haste
 m - a potion of heal wounds
 o - 5 potions of curing
 r - 2 potions of agility
 F - a potion of ambrosia {unknown}
 H - a potion of cancellation {unknown}
 I - a potion of mutation {unknown}
 K - a potion of berserk rage {unknown}
Books
 x - a manual of Short Blades
Comestibles
 f - 12 rations


   Skills:
 + Level 7.3 Fighting
 + Level 7.2 Short Blades
 * Level 15.7 Bows
 + Level 3.5 Armour
 - Level 1.3 Dodging
 - Level 0.4 Stealth
 + Level 3.0 Invocations
 + Level 3.1 Evocations


You had 9 spell levels left.
You didn't know any spells.
Your spell library was empty.

Dungeon Overview and Level Annotations

Branches:
Dungeon (10/15)            Temple (1/1) D:5            Lair (0/6) D:8
    Orc: D:9-12

Altars:
Ashenzari
Cheibriados
Dithmenos
Elyvilon
Fedhas
Gozag
Hepliaklqana
Kikubaaqudgha
Makhleb
Nemelex Xobeh
Okawaru
Qazlal
Ru
Sif Muna
Trog
Uskayaw
Vehumet
Wu Jian
Xom
Yredelemnul
Zin
The Shining One
Beogh

Annotations:
D:4 Eustachio
D:9 3 runed translucent doors, Skull's ghost, novice DrFE


Innate Abilities, Weirdness & Mutations

You have hooves in place of feet.
Armour fits poorly on your strangely shaped body.
You cover ground very quickly.
You have extremely tough skin. (AC +3)


Message History

The bolt of cold hits you!!
The deep elf mage points at you and mumbles some strange words.
The bolt of cold hits you!!
* * * LOW HITPOINT WARNING * * *
You see here a stone.
The deep elf mage casts a spell at you. The bolt of cold misses you.
There is an escape hatch in the ceiling here.
There is a stone staircase leading up here.
You climb upwards.
Level annotation: 3 runed translucent doors, Skull's ghost, novice DrFE
There is a stone staircase leading down here.
There is an open door here.
There is an open door here.
There is a stone staircase leading down here.
You climb downwards.
There is a stone staircase leading up here.
The deep elf mage gestures at you while chanting.
The shard of ice hits you!!
You die...

#. ####### #.###
#.....# ..... ....#.#
#...# #.#.#.# #...# #
#.#.#.# #...##
#.##.#.#.###
#....###...........
##.@..>#####.###....
#.......# #.# ####.
#.########.....## #.#
#. #.............## #<#
#.
####.#†##..÷#######.#
#. #.....e...i....# #.
###....##############.
#.....<...............
.#.#.......###########.


You could see a deep elf mage.

Vanquished Creatures
  2 two-headed ogres (D:8)
  Pikel (D:9)
  Maurice (D:8)
  A troll (D:6)
  A hippogriff (D:4)
  3 yaks (D:9)
  A wyvern (D:9)
  A hungry ghost (D:10)
  Duvessa (D:7)
  2 water moccasins
  An ice beast (D:8)
  4 sky beasts
  2 orc warriors
  3 phantoms
  5 ogres
  2 centaurs
  6 bullfrogs
  A big kobold (D:8)
  Dowan (D:7)
  A gnoll sergeant (D:8)
  A scorpion (D:5)
  2 electric eels (D:6)
  3 howler monkeys
  2 crimson imps
  A bullfrog zombie (D:8)
  3 jellies
  A quasit (D:9)
  2 centaur skeletons
  8 hounds
  6 orc priests
  A bullfrog skeleton (D:5)
  3 iron imps (D:4)
  6 iguanas
  6 orc wizards
  4 worker ants
  A killer bee zombie (D:6)
  3 hound zombies
  A hound skeleton (D:9)
  A howler monkey zombie (D:3)
  14 adders
  4 shadow imps
  3 adder zombies
  2 adder skeletons
  3 worms
  2 dart slugs
  8 leopard geckos
  43 orcs
  3 giant cockroaches (D:2)
  10 hobgoblins
  20 jackals
  7 quokkas
  8 bats
  6 frilled lizards
  5 goblins
  A jackal skeleton (D:6)
  10 kobolds
  12 rats
  A plant (D:6)
257 creatures vanquished.

Notes
Turn   | Place    | Note
-------+----------+-------------------------------------------
     0 | D:1      | OdinFK the Centaur Hunter began the quest for the Orb.
     0 | D:1      | Reached XP level 1. HP: 17/17 MP: 1/1
   538 | D:1      | Reached XP level 2. HP: 16/24 MP: 2/2
   689 | D:1      | Reached skill level 6 in Bows
   759 | D:1      | Found a shimmering altar of Xom.
  1167 | D:2      | Found a sparkling altar of Nemelex Xobeh.
  1494 | D:2      | Reached XP level 3. HP: 25/29 MP: 3/3
  1808 | D:2      | Reached XP level 4. HP: 27/36 MP: 4/4
  2110 | D:2      | Reached skill level 7 in Bows
  2214 | D:2      | Reached skill level 1 in Short Blades
  2486 | D:2      | Reached skill level 1 in Armour
  2486 | D:2      | Reached XP level 5. HP: 36/42 MP: 5/5
  3031 | D:3      | Reached skill level 8 in Bows
  3279 | D:4      | Found a burning altar of Makhleb.
  3297 | D:4      | Reached XP level 6. HP: 50/50 MP: 6/6
  3465 | D:4      | Noticed a hippogriff
  3488 | D:4      | Killed a hippogriff
  3488 | D:4      | Reached skill level 9 in Bows
  3488 | D:4      | Reached XP level 7. HP: 43/57 MP: 7/7
  3605 | D:4      | Reached skill level 10 in Bows
  3618 | D:4      | Found a radiant altar of Vehumet.
  3770 | D:4      | Noticed Eustachio
  3985 | D:4      | Found a glowing golden altar of the Shining One.
  4023 | D:5      | Entered Level 5 of the Dungeon
  4186 | D:5      | Found a basalt altar of Yredelemnul.
  4287 | D:5      | Found a staircase to the Ecumenical Temple.
  4298 | Temple   | Entered the Ecumenical Temple
  4427 | D:5      | Reached skill level 11 in Bows
  4431 | D:5      | Reached XP level 8. HP: 64/64 MP: 8/8
  4712 | D:5      | Identified the +3 spear of the Fray {freeze, *Drain rF++
                  | rN+ Dex+3}
  4755 | D:5      | Got a distressingly furry leather armour
  4766 | D:5      | Identified the cursed +0 leather armour of Knowledge {rPois
                  | rCorr} (You found it on level 5 of the Dungeon)
  5021 | D:5      | Reached skill level 12 in Bows
  6505 | D:6      | Found an iron altar of Okawaru.
  6541 | D:6      | Became a worshipper of Warmaster Okawaru
  6622 | D:6      | Reached skill level 13 in Bows
  6622 | D:6      | Reached XP level 9. HP: 72/72 MP: 9/9
  7090 | D:6      | Reached skill level 1 in Invocations
  7206 | D:6      | Noticed a troll
  7288 | D:6      | Killed a troll
  7288 | D:6      | Reached * piety under Okawaru
  7288 | D:6      | Reached skill level 1 in Evocations
  7890 | D:7      | Reached skill level 5 in Fighting
  7935 | D:7      | Noticed Duvessa
  7974 | D:7      | Noticed Dowan
  7975 | D:7      | Killed Duvessa
  7990 | D:7      | Killed Dowan
  8322 | D:7      | Found a basalt altar of Yredelemnul.
  8785 | D:8      | Reached skill level 14 in Bows
  8836 | D:8      | Noticed Maurice
  8913 | D:8      | Noticed a two-headed ogre
  8925 | D:8      | Paralysed by a big kobold for 6 turns
  9492 | D:8      | Noticed a two-headed ogre
  9511 | D:8      | Killed a two-headed ogre
  9511 | D:8      | Reached ** piety under Okawaru
  9511 | D:8      | Reached skill level 5 in Short Blades
  9511 | D:8      | Reached XP level 10. HP: 83/83 MP: 12/12
  9818 | D:8      | Killed a two-headed ogre
  9818 | D:8      | Reached *** piety under Okawaru
  9866 | D:8      | Found a staircase to the Lair.
 10000 | D:8      | Killed Maurice
 10006 | D:8      | Reached skill level 15 in Bows
 10299 | D:9      | Found a runed translucent gate.
 10299 | D:9      | Noticed Skull's ghost (novice DrFE)
 10324 | D:9      | Found a sacrificial altar of Ru.
 10468 | D:9      | Noticed Pikel
 10500 | D:9      | Killed Pikel
 10500 | D:9      | Reached **** piety under Okawaru
 10500 | D:9      | Received a gift from Okawaru
 10527 | D:9      | Found a deep blue altar of Sif Muna.
 10985 | D:9      | Found a roughly hewn altar of Beogh.
 11177 | D:9      | Found a runed translucent gate.
 11178 | D:9      | Found a runed translucent gate.
 11178 | D:9      | Found a roughly hewn altar of Beogh.
 11184 | D:9      | Identified the +9 mace "Goblinslayer" {vamp, -Tele +Rage
                  | Dex+7 Stlth+}
 11184 | D:9      | Identified the cursed +1 plate armour of Ciulonn {rElec
                  | Dex+4 Slay+2}
 11441 | D:10     | Entered Level 10 of the Dungeon
 11615 | D:10     | Noticed a deep elf mage
 11715 | D:10     | Killed from afar by a deep elf mage

Skill      XL: |  1  2  3  4  5  6  7  8  9 10 |
---------------+-------------------------------+-----
Bows           | 6 7 8 9 11 13 14 15 | 15.7
Short Blades   | 1 2 3 5 7 |  7.2
Armour         | 1 2 3 |  3.5
Fighting       | 3 4 5 7 |  7.3
Invocations    | 3 |  3.0
Evocations     | 2 3 |  3.1
Dodging        | |  1.3
Stealth        | |  0.4

Action                   |  1- 3 |  4- 6 |  7- 9 | 10-12 || total
-------------------------+-------+-------+-------+-------++-------
Melee: Short sword       |    68 |   100 |   114 |       ||   282
       Kick              |    11 |    20 |    76 |    59 ||   166
       Dagger            |       |       |   221 |   188 ||   409
 Fire: Shortbow          |    45 |   100 |   339 |   120 ||   604
  Use: Scroll            |       |       |     9 |       ||     9
  Eat: Chunk             |     1 |     4 |    15 |     6 ||    26
Armor: Leather armour    |    26 |    12 |    83 |    58 ||   179
       Chain mail        |       |    36 |    44 |       ||    80
Dodge: Dodged            |    45 |    38 |   142 |    71 ||   296
       Deflected         |       |     2 |     4 |     1 ||     7
